 Dungeon Crawl Stone Soup version 0.19-a0-994-g3c636f0 (webtiles) character file.

95 Azru the Skirmisher (level 4, 0/50 HPs)
             Began as an Ogre Abyssal Knight on July 16, 2016.
             Was a Follower of Lugonu.
             Slain by a rat (1 damage)
             ... on level 2 of the Dungeon.
             The game lasted 00:03:05 (1751 turns).

Azru the Skirmisher (Ogre Abyssal Knight)           Turns: 1751, Time: 00:03:06

Health: 0/50       AC:  3    Str: 17    XL:     4   Next: 65%
Magic:  6/6        EV: 10    Int: 12    God:    Lugonu [*.....]
Gold:   25         SH:  0    Dex:  9    Spells: 0 memorised, 3 levels left

rFire  . . .     SeeInvis .     a - +1 mace
rCold  . . .     Gourm    .     b - +0 robe
rNeg   . . .     Faith    .     (no shield)
rPois  .         Spirit   .     (helmet restricted)
rElec  .         Dismiss  .     (no cloak)
rCorr  .         Reflect  .     (gloves unavailable)
SustAt .         Harm     .     (boots unavailable)
MR     .....                    (no amulet)
Stlth  ++........               (no ring)
                                e - ring of stealth

@: lethally poisoned (0 -> -10), not resistant to hostile enchantments,
unstealthy
A: unfitting armour, tough skin 1
a: Depart the Abyss, Renounce Religion


You were on level 2 of the Dungeon.
You worshipped Lugonu.
Lugonu was aware of your devotion.
You were not hungry.

You visited 1 branch of the dungeon, and saw 2 of its levels.
You visited the Abyss 1 time.

You collected 25 gold pieces.

Inventory:

Hand Weapons
 a - a +1 mace (weapon)
 m - a +3 club
Armour
 b - a +0 robe (worn)
Jewellery
 e - a ring of stealth (left hand)
Scrolls
 d - a scroll of fear {unknown}
 g - a scroll of identify {unknown}
 k - 2 scrolls of noise {unknown}
 o - a scroll of amnesia {unknown}
Potions
 f - a potion of heal wounds
 h - 2 potions of resistance
 i - a potion of invisibility
 l - a potion of mutation {unknown}
 n - a potion of magic {unknown}
Comestibles
 c - 3 bread rations
 j - a fruit


   Skills:
 * Level 5.3 Fighting
 * Level 3.7 Maces & Flails
 + Level 2.4 Dodging
 * Level 3.1 Invocations


You had 3 spell levels left.
You didn't know any spells.

Dungeon Overview and Level Annotations

Branches:
Dungeon (2/15)

Altars:


Innate Abilities, Weirdness & Mutations

You are too large for most types of armour.
You have tough skin. (AC +1)


Message History

Lugonu accepts your kill.
* * * LOW HITPOINT WARNING * * *
You feel sick.
You hit the rat.
The rat is severely wounded.
* * * LOW HITPOINT WARNING * * *
You feel sick. The rat barely misses you.
You closely miss the rat.
The rat is severely wounded.
* * * LOW HITPOINT WARNING * * *
You feel sick. The rat bites you but does no damage.
You hit the rat.
The rat is severely wounded.
* * * LOW HITPOINT WARNING * * *
You feel sick. The rat closely misses you.
You barely miss the rat.
The rat is severely wounded.
* * * LOW HITPOINT WARNING * * *
You feel sick. The rat bites you.
You die...

##### #######...#
#.......#.#
#.#####...##
#..........########
#..#####......@r..#
#..# ###.######.#
#..# #.# #..# #.#
#..# ... #..# .##
#..# #. #..# #.
#..#


You could see a rat.

Vanquished Creatures
  Ijyb (D:2)
  3 adders (D:2)
  3 worms
  A dart slug (D:1)
  3 giant geckos
  4 bats
  3 giant cockroaches
  5 goblins
  A hobgoblin (D:1)
  3 giant newts (D:1)
  4 kobolds
  2 rats (D:1)
33 creatures vanquished.

Notes
Turn   | Place    | Note
-------+----------+-------------------------------------------
     0 | Abyss:1  | Azru the Ogre Abyssal Knight began the quest for the Orb.
     0 | Abyss:1  | Reached XP level 1. HP: 24/24 MP: 2/2
    41 | Abyss:1  | Noticed a flying skull
    42 | D:1      | Escaped the Abyss
   116 | D:1      | Reached * piety under Lugonu
   116 | D:1      | Reached XP level 2. HP: 23/32 MP: 3/3
   580 | D:1      | Reached XP level 3. HP: 32/40 MP: 4/4
  1054 | D:2      | Noticed Ijyb
  1068 | D:2      | Killed Ijyb
  1068 | D:2      | Reached skill level 5 in Fighting
  1068 | D:2      | Reached XP level 4. HP: 39/50 MP: 4/6
  1750 | D:2      | HP: 2/50 [poisoned by an adder]
  1751 | D:2      | Slain by a rat

Vault maps used:
D:1:      sevenhm_arrival_forest_fort_small_4
D:2:      uniq_iyjb

Skill      XL: |  1  2  3  4 |
---------------+-------------+-----
Maces & Flails | 3 |  3.7
Fighting       | 5 |  5.3
Invocations    | 3 |  3.1
Dodging        | |  2.4

Action                   |  1- 3 |  4- 6 || total
-------------------------+-------+-------++-------
Melee: Mace              |   101 |    72 ||   173
Invok: Depart the Abyss  |     1 |       ||     1
  Use: Potion            |       |     1 ||     1
 Stab: Sleeping          |       |     1 ||     1
  Eat: Chunk             |       |     3 ||     3
Armor: Robe              |    33 |    21 ||    54
Dodge: Dodged            |    65 |    32 ||    97
